 Dungeon Crawl Stone Soup version 0.28-a0-2-g643f2454ad (webtiles) character file.

Game seed: 1837085403610647499

63 hatdisgam the Chucker (level 4, -4/48 HPs)
             Began as an Ogre Hunter on July 22, 2021.
             Slain by Grinder (6 damage)
             ... on level 3 of the Dungeon.
             The game lasted 00:03:31 (3617 turns).

hatdisgam the Chucker (Ogre Hunter)                 Turns: 3617, Time: 00:03:31

Health: -4/48      AC:  3    Str: 17    XL:     4   Next: 9%
Magic:  4/4        EV:  9    Int: 12    God:
Gold:   66         SH:  0    Dex:  9    Spells: 3/3 levels left

rFire   . . .      SeeInvis .   k - +0 club
rCold   . . .      Faith    .   (no shield)
rNeg    . . .      Spirit   .   b - +0 robe
rPois   .          Reflect  .   (helmet restricted)
rElec   .          Harm     .   (no cloak)
rCorr   .          Rampage  .   (gloves unavailable)
Will    .....                   (boots unavailable)
Stlth   +.........              (no amulet)
HPRegen 0.16/turn               (no ring)
MPRegen 0.09/turn               (no ring)

@: no status effects
A: large, unfitting armour, tough skin 1
a: no special abilities


You were on level 3 of the Dungeon.
You visited 1 branch of the dungeon, and saw 3 of its levels.

You collected 66 gold pieces.

Inventory:

Hand Weapons
 a - a +0 short sword
 k - a +0 club (weapon)
Missiles
 j - 111 stones (quivered)
 r - 21 sling bullets
Armour
 b - a +0 robe (worn)
Jewellery
 q - a ring of see invisible
Scrolls
 e - 2 scrolls of teleportation {unknown}
 h - a scroll of blinking {unknown}
 i - a scroll of fear {unknown}
 l - a scroll of identify {unknown}
 m - a scroll of fog {unknown}
 n - a scroll of noise {unknown}
 o - a scroll of brand weapon {unknown}
 s - a scroll of enchant weapon {unknown}
Potions
 f - a potion of degeneration {unknown}
 g - a potion of cancellation {unknown}
 p - a potion of flight {unknown}
 t - a potion of haste {unknown}


   Skills:
 + Level 4.0 Fighting
 * Level 1.3 Maces & Flails
 + Level 4.6 Throwing
 - Level 1.7 Dodging
 - Level 0.6 Stealth


You had 3 spell levels left.
You didn't know any spells.
Your spell library contained the following spells:

 Spells                   Type           Power      Damage    Failure   Level
 Sting                    Tmut/Pois      0%         1d3       32%         1
 Poisonous Vapours        Pois/Air       0%         N/A       45%         2
 Call Canine Familiar     Summ           0%         N/A       69%         3
 Portal Projectile        Hex/Tloc       0%         N/A       69%         3
 Leda's Liquefaction      Hex/Erth       0%         N/A       97%         4
 Olgreb's Toxic Radiance  Pois           0%         N/A       97%         4


Dungeon Overview and Level Annotations

Branches:
Dungeon (3/15)

Altars:

Annotations:
D:3 Grinder


Innate Abilities, Weirdness & Mutations

You are too large for most types of armour.
You have tough skin. (AC +1)


Message History

Aim: Grinder (severely wounded, 55% to hit)
You throw a large rock. The large rock hits Grinder!
Grinder is almost dead.
Grinder says, "FISH!"
Grinder hits you.
You writhe in agony.
Throw: large rock
Press: ? - help, Q - select action, (/) - cycle Shift-Dir - straight line, f/p - Grinder
Aim: Grinder (almost dead, 55% to hit)
You throw a large rock. The large rock barely misses Grinder.
Grinder blinks!
Unknown command.
Grinder grins, showing sharp teeth.
You see here a large rock.
c - a large rock Grinder hits you.
You writhe in agony.
Throw: large rock
Press: ? - help, Q - select action, (/) - cycle Shift-Dir - straight line, f/p - Grinder
Aim: Grinder (almost dead, 55% to hit)
You throw a large rock. The large rock closely misses Grinder.
Grinder hits you!
You writhe in agony.
* * * LOW HITPOINT WARNING * * *
Throw: 2 throwing nets
Press: ? - help, Q - select action, (/) - cycle Shift-Dir - straight line, f/p - Grinder
Aim: Grinder (almost dead, 55% to hit)
You throw a throwing net.
The throwing net closely misses Grinder.
Grinder barely misses you.
Throw: throwing net
Press: ? - help, Q - select action, (/) - cycle Shift-Dir - straight line, f/p - Grinder
Aim: Grinder (almost dead, 55% to hit)
You throw a throwing net.
The throwing net closely misses Grinder.
Grinder hits you!
* * * LOW HITPOINT WARNING * * *
You writhe in agony.
* * * LOW HITPOINT WARNING * * *
You hit Grinder but do no damage.
Grinder is almost dead.
Grinder hits you.
You die...

#######.####
##...##.....
#.....#..######
#.....†........
#..†..#..#####
##...##..#
##.###).# #.#
#..# #.# #@.#
#.# #.5# #.#
#.>(. #.#
#..(.# #.#
####(# #.# )#
#.# .# ###.#
#...# ##


You could see Grinder.

Vanquished Creatures
  2 adders
  2 dart slugs
  4 bats
  5 endoplasms
  A giant cockroach (D:1)
  7 goblins
  A hobgoblin (D:2)
  2 jackals (D:1)
  4 quokkas
  2 frilled lizards
  4 kobolds
  3 rats
37 creatures vanquished.

Notes
Turn   | Place    | Note
-------+----------+-------------------------------------------
     0 | D:1      | hatdisgam the Ogre Hunter began the quest for the Orb.
     0 | D:1      | Reached XP level 1. HP: 22/22 MP: 1/1
   138 | D:1      | Reached XP level 2. HP: 16/31 MP: 2/2
  1144 | D:1      | Reached XP level 3. HP: 33/39 MP: 3/3
  1419 | D:1      | Found a faded altar of an unknown god.
  2492 | D:2      | Reached skill level 1 in Maces & Flails
  3379 | D:3      | Reached XP level 4. HP: 43/48 MP: 4/4
  3604 | D:3      | Noticed Grinder
  3616 | D:3      | HP: 1/48 [Grinder (4)]
  3617 | D:3      | Slain by Grinder

Illustrated notes

Levels and vault maps discovered:
D:1:      minmay_arrival_split_and_join, layout_basic,
          dreamdust_ecumenical_altar_statues
D:2:      layout_basic, minmay_bisected
D:3:      layout_loops_ring, corexii_shack, hangedman_abyss_or_decor_stabs,
          kennysheep_cross_bottleneck, uniq_grinder, uniq_crazy_yiuf_cottage

Skill      XL: |  1  2  3 |
---------------+----------+-----
Fighting       | 3 4 |  4.0
Maces & Flails | 1 |  1.3
Throwing       | |  4.6
Dodging        | |  1.7
Stealth        | |  0.6

Action                   |  1- 3 |  4- 6 || total
-------------------------+-------+-------++-------
Melee: Short sword       |    86 |       ||    86
       Club              |   114 |    18 ||   132
Throw: Stone             |    13 |       ||    13
       Large rock        |     3 |     6 ||     9
       Throwing net      |       |     2 ||     2
 Stab: Sleeping          |     8 |       ||     8
Armor: Robe              |    83 |     5 ||    88
Dodge: Dodged            |    98 |     4 ||   102

Table legend: (Time is in decaauts)
 A = Elapsed time spent in this place.
 B = Non-inter-level travel time spent in this place.
 C = Inter-level travel time spent in this place.
 D = Time resting spent in this place.
 E = Time spent auto-exploring this place.
 F = Levels seen in this place.
 G = Mean time per level.
                   A        B        C        D        E       F      G
               +--------+--------+--------+--------+--------+-----+--------+
         Total |   3665 |   3494 |    171 |    319 |   2620 |   3 | 1221.7 |
       Dungeon |   3665 |   3494 |    171 |    319 |   2620 |   3 | 1221.7 |
               +--------+--------+--------+--------+--------+-----+--------+

Top non-repeatable levels by time:
     D:1: 2005 daAuts
     D:2: 1394 daAuts
     D:3: 265 daAuts
